 Dungeon Crawl Stone Soup version 0.20.0-10-g0535bb4 (webtiles) character file.

53 Lochraine the Sneak (level 3, 0/19 HPs)
             Began as a Vine Stalker Assassin on June 6, 2017.
             Succumbed to an adder's poison
             ... on level 2 of the Dungeon.
             The game lasted 00:03:39 (1173 turns).

Lochraine the Sneak (Vine Stalker Assassin)         Turns: 1173, Time: 00:03:40

Health: 0/19       AC:  3    Str: 13    XL:     3   Next: 87%
Magic:  2/4        EV: 17    Int: 11    God:
Gold:   101        SH:  0    Dex: 21    Spells: 2/2 levels left

rFire    . . .     SeeInvis .   a - +2 dagger
rCold    . . .     Gourm    .   (no shield)
rNeg     . . .     Faith    .   c - +0 robe
rPois    .         Spirit   +   (no helmet)
rElec    .         Reflect  .   d - +0 cloak
rCorr    .         Harm     .   (no gloves)
MR       .....                  (no boots)
Stlth    ++++......             (no amulet)
Regen    0.1/turn               (no ring)
MPRegen  0.1/turn               (no ring)

@: agile, lethally poisoned (0 -> -5), flying
A: fangs 2, magic shield, antimagic bite, no potion heal 3, rot immunity
a: no special abilities


You were on level 2 of the Dungeon.
You were hungry.

You visited 1 branch of the dungeon, and saw 2 of its levels.

You collected 101 gold pieces.

Inventory:

Hand Weapons
 a - a +2 dagger (weapon)
 b - a +0 blowgun
Missiles
 e - 24 poisoned needles
 f - 2 curare-tipped needles
 g - 23 stones (quivered)
 h - 5 javelins
 j - 7 poisoned javelins
Armour
 c - a +0 robe (worn)
 d - a +0 cloak (worn)
Scrolls
 k - 2 scrolls of teleportation {@r4}
 m - a scroll of remove curse {@r2}
Potions
 i - a potion of agility
Comestibles
 l - 3 fruits
 n - a meat ration
 q - a bread ration


   Skills:
 + Level 2.4 Fighting
 - Level 1.7 Short Blades
 * Level 2.6 Throwing
 + Level 1.3 Dodging
 + Level 5.1 Stealth


You had 2 spell levels left.
You didn't know any spells.

Dungeon Overview and Level Annotations

Branches:
Dungeon (2/15)

Altars:


Innate Abilities, Weirdness & Mutations

You have extremely sharp teeth.
When hurt, damage is shared between your health and your magic reserves.
Your bite disrupts and absorbs the magic of your enemies.
Potions cannot restore your health.
You are immune to rotting.


Message History

Aim: an adder (poisoned)
You shoot a poisoned needle. The poisoned needle misses the adder.
The adder bites you.
You are poisoned.
The adder poisons you!
Aim: an adder (poisoned)
You shoot a poisoned needle. The poisoned needle hits the adder.
The adder looks even sicker.
You feel sick. The adder closely misses you.
You feel sick.
You feel sick. The adder completely misses you.
Aim: an adder (moderately wounded, poisoned)
You shoot a poisoned needle.
The poisoned needle barely misses the adder.
The adder bites you but does no damage.
Aim: an adder (heavily wounded, poisoned)
You shoot a poisoned needle. The poisoned needle hits the adder.
The adder looks even sicker.
The adder bites you.
* * * LOW HITPOINT WARNING * * *
The adder bites you.
* * * LOW HITPOINT WARNING * * *
You are lethally poisoned!
The adder poisons you!
* * * LOW HITPOINT WARNING * * *
You feel sick.
a - a +2 dagger (weapon)
* * * LOW HITPOINT WARNING * * *
You feel sick.
You hit the adder.
You kill the adder!
It was a potion of agility.
You feel agile all of a sudden.
* * * LOW HITPOINT WARNING * * *
You feel sick.
It was a potion of flight.
You feel very buoyant.
You fly up into the air.
* * * LOW HITPOINT WARNING * * *
You feel sick.
As you read the scroll labeled RIERO PUGE, it crumbles to dust.
You feel strangely unstable.
It was a scroll of teleportation.
As you read the scroll labeled GORUYT IBRIA, it crumbles to dust.
It is a scroll of identify.
m - a scroll of remove curse
* * * LOW HITPOINT WARNING * * *
You feel sick.
Your surroundings suddenly seem different.
* * * LOW HITPOINT WARNING * * *
You feel sick.
Unknown command.
You die...

#. #....# #$ #....#
#.##.##.# #.......#
####.#### #).....#
#.##.#.# #.##...# #.
#@###..# #. #.###..#
##.## #####......#
##.#.#######.......#.##
..........##.#####)#
.#.#P.###.##.##......
.#..............##.###
.#......#.##.#####.#
..P.)).P#.##.# #.#


There were no monsters in sight!

Vanquished Creatures
  2 adders (D:2)
  An ooze (D:1)
  A dart slug (D:1)
  2 goblins (D:1)
  3 hobgoblins (D:1)
  4 jackals (D:1)
  10 bats
  2 frilled lizards (D:1)
  4 kobolds
  A rat (D:1)
30 creatures vanquished.

Notes
Turn   | Place    | Note
-------+----------+-------------------------------------------
     0 | D:1      | Lochraine the Vine Stalker Assassin began the quest for the Orb.
     0 | D:1      | Reached XP level 1. HP: 11/11 MP: 2/2
   260 | D:1      | Reached XP level 2. HP: 13/15 MP: 3/3
   302 | D:1      | Reached skill level 5 in Stealth
   642 | D:1      | Reached skill level 1 in Dodging
   690 | D:1      | Reached XP level 3. HP: 18/18 MP: 4/4
  1173 | D:2      | Succumbed to an adder's poison

Skill      XL: |  1  2 |
---------------+-------+-----
Throwing       | 2 |  2.6
Fighting       | 2 |  2.4
Stealth        | 5 |  5.1
Dodging        | 1 |  1.3
Short Blades   | |  1.7

Action                   || total
-------------------------++-------
Melee: Dagger            ||    40
       Bite              ||     9
 Fire: Blowgun           ||    55
  Use: Scroll            ||     2
       Potion            ||     2
 Stab: Sleeping          ||     5
Armor: Robe              ||    24
Dodge: Dodged            ||    39
